 Dungeon Crawl Stone Soup version 0.31.0-1-g2c135a008e (webtiles) character file.

Game seed: 16683828406193819835

84152 qw the Marksdjinni (level 16, -12/118 HPs)
             Began as a Djinni Hunter on Jan 23, 2024.
             Was the Champion of Okawaru.
             Mangled by a white ugly thing (45 damage)
             ... on level 14 of the Dungeon.
             The game lasted 00:04:58 (19305 turns).

qw the Marksdjinni (Djinni Hunter)                 Turns: 19305, Time: 00:04:59

Health: -12/118    AC: 19    Str: 12    XL:     16   Next: 26%
Gold:   1402       EV: 30    Int: 13    God:    Okawaru [******] SH:  5 Dex: 33

rFire   + + .        s - +27 heavy crossbow "Sniper" {heavy, Acc+∞ SInv}
rCold   x . .        (shield currently unavailable)
rNeg    . . .        k - +5 ring mail "Bekeack" {MP+9 Str+2 Stlth+}
rPois   inf          p - +1 hat "Maguqosk" {Dex+4}
rElec   .            j - +1 cloak
rCorr   .            l - +2 pair of gloves
SInv    +            (boots unavailable)
Will    +....        d - amulet of reflection
Stlth   +++          a - +6 ring of dexterity
HPRegen 0.39/turn    e - +5 ring of evasion
MPRegen 0.00/turn

%: reflection, infuse magic (-13 HP)
@: flying
A: sickness immunity, fire resistance 2, cold vulnerability 1, float, innate
caster, HP casting, extra vitality 1, iridescent scales 1, deterioration 1,
MP-powered wands
a: Renounce Religion, Heroism, Finesse, Duel


You were on level 14 of the Dungeon.
You worshipped Okawaru.
Okawaru was exalted by your worship.
You visited 3 branches of the dungeon, and saw 20 of its levels.

You collected 1571 gold pieces.
You spent 169 gold pieces at shops.


Innate Abilities, Weirdness & Mutations

You are immune to sickness and miasma.
You are immune to poison.
Your flesh is very heat resistant. (rF++)
You are vulnerable to cold. (rC-)
You float through the air rather than walking.
You learn spells naturally, not from books.
Your magical power is your life essence.
You have superior vitality. (+4 MHP)
You are partially covered in iridescent scales. (AC +2)
Your body sometimes deteriorates upon taking damage.
You expend health (3 HP) to strengthen your wands.


   Skills:
 - Level 12.0 Fighting
 - Level 16.0 Ranged Weapons
 - Level 6.0 Armour
 + Level 14.1 Dodging
 - Level 0.7 Stealth
 - Level 10.0 Invocations


You knew the following spells:

 Your Spells              Type           Power      Damage    Failure   Level
a - Slow                  Hex            0%         N/A       54%         1
b - Scorch                Fire           0%         2d5       67%         2
c - Ensorcelled Hibernat  Hex/Ice        0%         N/A       67%         2
d - Martyr's Knell        Necr/Summ      0%         N/A       99%         4
e - Cause Fear            Hex            0%         N/A       99%         4
f - Silence               Hex/Air        0%         N/A       100%        5
g - Death Channel         Necr           0%         N/A       100%        6
Your spell library was empty.

Inventory:

Hand Weapons
 s - the +27 heavy crossbow "Sniper" (weapon) {heavy, Acc+∞ SInv}
   (Okawaru gifted it to you on level 10 of the Dungeon)

   Acc+∞: It never misses its target.
   SInv:      It lets you see invisible.
Armour
 i - a +2 leather armour of fire resistance
 j - a +1 cloak (worn)
 k - the +5 ring mail "Bekeack" (worn) {MP+9 Str+2 Stlth+}
   (You found it on level 3 of the Lair of Beasts)

   Str+2:     It affects your strength (+2).
   MP+9:      It affects your magic capacity (+9).
   Stlth+:    It makes you more stealthy.
 l - a +2 pair of gloves (worn)
 p - the +1 hat "Maguqosk" (worn) {Dex+4}
   (Okawaru gifted it to you on level 10 of the Dungeon)

   Dex+4:     It affects your dexterity (+4).
Jewellery
 a - a +6 ring of dexterity (left hand)
 d - an amulet of reflection (around neck)
 e - a +5 ring of evasion (right hand)
Wands
 n - a wand of roots (22)
 o - a wand of paralysis (10)
 q - a wand of mindburst (6)
 r - a wand of digging (6)
 t - a wand of polymorph (14)
 v - a wand of acid (11)
Scrolls
 f - 2 scrolls of teleportation
 m - 10 scrolls of identify
Potions
 b - 2 potions of enlightenment
 c - 2 potions of haste
 g - 6 potions of curing
 h - 5 potions of might

Dungeon Overview and Level Annotations

Branches:
Dungeon (14/15)            Temple (1/1) D:7            Lair (5/5) D:8
  Swamp (0/4) Lair:2       Spider (0/4) Lair:2        Slime (0/5) Lair:5
    Orc (0/2) D:10         Vaults (0/5) D:13

Altars:
Ashenzari
Cheibriados
Dithmenos
Elyvilon
Fedhas
Gozag
Hepliaklqana
Makhleb
Nemelex Xobeh
Okawaru
Qazlal
Ru
Trog
Uskayaw
Wu Jian
Xom
Yredelemnul
Zin
The Shining One
Jiyva

Shops:
D:5 (

Portals:
Abyss: Lair:5
Bailey: D:10

Annotations:
D:3 1 runed translucent door, Crazy Yiuf, Ijyb
Lair:4 1 runed translucent door, qw's ghost, journeyman GrHu
Lair:5 2 transporters, qw's ghost, journeyman GrHu


Message History

Okawaru accepts your kill.
You hear a horrible gurgling sound!
A white ugly thing comes into view.
The white ugly thing moves out of view.
Your Ranged Weapons skill increases to level 16!
You shoot a bolt. The bolt hits the white ugly thing!!!!
You kill the white ugly thing!
Okawaru accepts your kill.
The white ugly thing punches you but does no damage.
You shoot a bolt. The bolt hits the white ugly thing!!!!
You kill the white ugly thing!
Okawaru accepts your kill.
The white ugly thing completely misses you.
The white ugly thing barely misses you.
You shoot a bolt. The bolt hits the white ugly thing!!!!
You kill the white ugly thing!
Okawaru accepts your kill.
The white ugly thing completely misses you.
The white ugly thing barely misses you.
You shoot a bolt. The bolt hits the white ugly thing!!
The white ugly thing is heavily wounded.
The white ugly thing pecks you. The white ugly thing freezes you!!
You feel a terrible chill! The white ugly thing bites you!
The white ugly thing freezes you!!!
You feel a terrible chill!
The white ugly thing completely misses you. x2
The white ugly thing pecks you but does no damage.
You shoot a bolt. The bolt hits the white ugly thing!!
The white ugly thing is almost dead.
The white ugly thing bites you but does no damage.
The white ugly thing barely misses you.
The white ugly thing completely misses you.
The white ugly thing misses you.
The white ugly thing bites you but does no damage.
The white ugly thing completely misses you.
You shoot a bolt. The bolt hits the white ugly thing!!
You kill the white ugly thing!
Okawaru accepts your kill. The white ugly thing bites you.
The white ugly thing freezes you!!!
You feel a terrible chill!
You die...

............#
#####..####.# ..#
...##.......# ..#
##.##...######### ..
##.#............. .. #
...........###### .##.#
...............># ...
...........###..##.####
..<........# #..@%....#
...........# #.u##.##.#
.......~...# #... u..
...........# ##.###.#.#
...........# #.# u. #
.....~.....# #.# .##
.....~.....# #.# .
...........# #.# .
...........#


You could see a white ugly thing.

Vanquished Creatures
  Agnes (D:14)
  Harold (D:10)
  Erolcha (D:11)
  A catoblepas (Lair:5)
  2 centaur warriors (D:13)
  3 vault guards (D:13)
  3 hydras
  7 boulder beetles
  7 death yaks
  2 two-headed ogres
  A deep troll shaman (Lair:5)
  A tengu warrior (D:14)
  A skyshark (shapeshifter) (D:14)
  2 skysharks
  A glowing orange brain (shapeshifter) (D:12)
  3 arcanists (D:13)
  2 lindwurms (Lair:5)
  Pikel (D:7)
  3 cyclopes
  2 necromancers (D:13)
  An orc knight (D:12)
  18 ugly things
  A manticore (D:12)
  An oklob plant (Lair:3)
  2 meliai (D:14)
  22 elephants
  6 black mambas
  A guardian serpent (Lair:1)
  12 cane toads
  A kobold demonologist (D:9)
  Jeremiah (D:9)
  A rime drake (Lair:4)
  10 komodo dragons
  A yaktaur (D:12)
  A tengu conjurer (D:14)
  6 polar bears
  A queen bee (D:14)
  5 trolls
  Grinder (D:3)
  3 hornets
  7 blink frogs
  Prince Ribbit (D:8)
  4 dream sheep (Lair:5)
  A wind drake (shapeshifter) (D:13)
  2 jumping spiders (Lair:2)
  10 slime creatures
  A culicivora (Lair:2)
  A shadow (D:12)
  A water elemental (D:14)
  66 yaks
  6 wraiths
  4 wyverns
  16 humans (D:13)
  A spriggan (Lair:3)
  A vampire (D:14)
  4 basilisks
  A steam dragon (Lair:1)
  2 redbacks (Lair:2)
  4 swamp worms (Lair:2)
  A warg (D:10)
  Menkaure (D:7)
  2 acid dragons
  16 water moccasins
  9 orc warriors
  An ice beast (D:5)
  4 black bears
  3 sky beasts
  21 wolves
  An ogre (D:7)
  11 centaurs
  2 lemures (D:7)
  3 kobold brigands
  19 bullfrogs
  4 scorpions
  5 wights (D:9)
  28 killer bees
  4 howler monkeys
  An electric eel (D:14)
  A vampire bat (D:5)
  4 jellies
  4 orc priests
  3 bombardier beetles
  5 hounds
  5 iguanas
  4 sleepcaps
  13 orc wizards
  Terence (D:2)
  14 adders
  11 gnolls
  8 river rats (D:5)
  A shadow imp (D:8)
  An ufetubus (D:5)
  2 ribbon worms
  3 dart slugs
  42 orcs
  5 bat skeletons (D:5)
  7 endoplasms
  5 giant cockroaches
  8 goblins
  2 hobgoblins
  11 jackals
  8 kobolds
  13 quokkas
  15 ball pythons
  5 bats
  5 frilled lizards
  19 rats
634 creatures vanquished.

Notes
Turn   | Place    | Note
-------+----------+-------------------------------------------
     0 | D:1      | qw the Djinni Hunter began the quest for the Orb.
     0 | D:1      | Reached XP level 1. HP: 18/18 MP: 0/0
     0 | D:1      | 0 ||| qw: Version: 0.3-a-135-gb77e89d
     0 | D:1      | 0 ||| qw: Game counter: 970
     0 | D:1      | 0 ||| qw: Melee chars always use a shield: true
     0 | D:1      | 0 ||| qw: God list: Okawaru
     0 | D:1      | 0 ||| qw: Allow faded altars: false
     0 | D:1      | 0 ||| qw: Do Orc after clearing Dungeon:15 true
     0 | D:1      | 0 ||| qw: Do second Lair branch before Depths: true
     0 | D:1      | 0 ||| qw: Lair rune preference: random
     0 | D:1      | 0 ||| qw: Goals: Normal
     0 | D:1      | 0 ||| PLANNING D:1-11
    83 | D:1      | 83 ||| RETREEEEATING.
    88 | D:1      | Reached XP level 2. HP: 21/23 MP: 0/0
   351 | D:1      | Reached skill level 4 in Ranged Weapons
   351 | D:1      | Reached XP level 3. HP: 27/28 MP: 0/0
   351 | D:1      | Learned a level 1 spell: Slow
   746 | D:1      | 746 ||| UPGRADING to +2 leather armour of fire resistance.
   756 | D:1      | 756 ||| DROPPING +0 leather armour.
   757 | D:1      | 757 ||| UPGRADING to +0 cloak.
   762 | D:1      | 762 ||| READING scroll labelled WUSOVV WYUDGHUU.
   763 | D:1      | 763 ||| READING scroll labelled XOSIOG NUSMA.
   815 | D:1      | 815 ||| DROPPING scroll of butterflies.
  1355 | D:2      | Reached XP level 4. HP: 34/34 MP: 0/0
  1363 | D:2      | Reached skill level 3 in Fighting
  1435 | D:2      | Noticed Terence
  1462 | D:2      | HP: 7/35 [Terence/+1 mace of draining (6)]
  1463 | D:2      | HP: 3/35 [Terence/+1 mace of draining (4)]
  1464 | D:2      | HP: 1/35 [Terence/+1 mace of draining (2)]
  1465 | D:2      | Killed Terence
  1654 | D:2      | Reached skill level 3 in Dodging
  1743 | D:2      | 1743 ||| UPGRADING to +0 pair of gloves.
  1748 | D:2      | 1748 ||| UPGRADING to amulet of reflection.
  1753 | D:2      | 1753 ||| READING 3 scrolls labelled QUGOTO LAESKIU.
  1753 | D:2      | 1753 ||| BRANDING +0 shortbow.
  1754 | D:2      | 1754 ||| READING 2 scrolls of brand weapon.
  1754 | D:2      | 1754 ||| BRANDING +0 shortbow of freezing.
  1755 | D:2      | 1755 ||| READING scroll of brand weapon.
  1755 | D:2      | 1755 ||| BRANDING +0 shortbow of chaos.
  1756 | D:2      | 1756 ||| READING scroll labelled NUSHRU OCWUAVO.
  1757 | D:2      | 1757 ||| READING scroll labelled EMNODYMUAK.
  1798 | D:3      | Found a sacrificial altar of Ru.
  1838 | D:3      | Reached skill level 1 in Armour
  1838 | D:3      | Reached XP level 5. HP: 26/40 MP: 0/0
  1838 | D:3      | Learned a level 2 spell: Scorch
  1967 | D:3      | Noticed Grinder
  1975 | D:3      | Paralysed by Grinder for 4 turns
  1982 | D:3      | Killed Grinder
  1983 | D:3      | Reached skill level 5 in Ranged Weapons
  1983 | D:3      | Reached XP level 6. HP: 15/46 MP: 0/0
  2206 | D:3      | Found a hide-covered altar of Uskayaw.
  2436 | D:3      | Reached XP level 7. HP: 50/50 MP: 0/0
  2436 | D:3      | Learned a level 2 spell: Ensorcelled Hibernation
  2547 | D:3      | Found a runed translucent door.
  2547 | D:3      | Noticed Ijyb
  2548 | D:3      | Noticed Crazy Yiuf
  2632 | D:3      | 2632 ||| UPGRADING to ring of willpower.
  2633 | D:3      | 2633 ||| READING scroll labelled POSTOJU WAFE.
  2634 | D:3      | 2634 ||| READING scroll labelled GOUKLEIKH SUODI.
  2634 | D:3      | 2634 ||| IDENTIFYING red potion
  2635 | D:3      | 2635 ||| READING scroll labelled YCHUOSHR ETHRO.
  2736 | D:3      | 2736 ||| DRINKING 2 silvery potions.
  2737 | D:3      | 2737 ||| DROPPING potion of brilliance.
  2784 | D:4      | 2784 ||| PLANNING SEWER
  3121 | D:4      | 3121 ||| RETREEEEATING.
  3122 | D:4      | 3122 ||| RETREEEEATING.
  3124 | D:4      | 3124 ||| RETREEEEATING.
  3125 | D:4      | 3125 ||| RETREEEEATING.
  3126 | D:4      | 3126 ||| RETREEEEATING.
  3129 | D:4      | 3129 ||| RETREEEEATING.
  3134 | D:4      | 3134 ||| RETREEEEATING.
  3140 | D:4      | Reached skill level 6 in Ranged Weapons
  3170 | D:4      | Found a glowing drain.
  3171 | D:4      | 3171 ||| UPGRADING to +5 ring of evasion.
  3172 | D:4      | 3172 ||| READING scroll labelled VEOMAG KUCAISI.
  3185 | D:4      | 3185 ||| Stepping randomly (stuck).
  3186 | D:4      | 3186 ||| Stepping randomly (stuck).
  3187 | D:4      | 3187 ||| Stepping randomly (stuck).
  3188 | D:4      | 3188 ||| Stepping randomly (stuck).
  3189 | D:4      | 3189 ||| Stepping randomly (stuck).
  3190 | D:4      | 3190 ||| Stepping randomly (stuck).
  3191 | D:4      | 3191 ||| Stepping randomly (stuck).
  3192 | D:4      | 3192 ||| Stepping randomly (stuck).
  3193 | D:4      | 3193 ||| Stepping randomly (stuck).
  3194 | D:4      | 3194 ||| Stepping randomly (stuck).
  3195 | D:4      | 3195 ||| Stepping randomly (stuck).
  3196 | D:4      | 3196 ||| Stepping randomly (stuck).
  3197 | D:4      | 3197 ||| Stepping randomly (stuck).
  3198 | D:4      | 3198 ||| Stepping randomly (stuck).
  3199 | D:4      | 3199 ||| Stepping randomly (stuck).
  3200 | D:4      | 3200 ||| Stepping randomly (stuck).
  3201 | D:4      | 3201 ||| Stepping randomly (stuck).
  3202 | D:4      | 3202 ||| Stepping randomly (stuck).
  3203 | D:4      | 3203 ||| Stepping randomly (stuck).
  3204 | D:4      | 3204 ||| Stepping randomly (stuck).
  3205 | D:4      | 3205 ||| Stepping randomly (stuck).
  3206 | D:4      | 3206 ||| Stepping randomly (stuck).
  3207 | D:4      | 3207 ||| Stepping randomly (stuck).
  3208 | D:4      | 3208 ||| Stepping randomly (stuck).
  3209 | D:4      | 3209 ||| Stepping randomly (stuck).
  3210 | D:4      | 3210 ||| Stepping randomly (stuck).
  3211 | D:4      | 3211 ||| Stepping randomly (stuck).
  3212 | D:4      | 3212 ||| Stepping randomly (stuck).
  3213 | D:4      | 3213 ||| Stepping randomly (stuck).
  3217 | D:4      | 3217 ||| Stepping randomly (stuck).
  3218 | D:4      | 3218 ||| Stepping randomly (stuck).
  3219 | D:4      | 3219 ||| Stepping randomly (stuck).
  3220 | D:4      | 3220 ||| Stepping randomly (stuck).
  3221 | D:4      | 3221 ||| Stepping randomly (stuck).
  3222 | D:4      | 3222 ||| Stepping randomly (stuck).
  3223 | D:4      | 3223 ||| Stepping randomly (stuck).
  3224 | D:4      | 3224 ||| Stepping randomly (stuck).
  3225 | D:4      | 3225 ||| Stepping randomly (stuck).
  3226 | D:4      | 3226 ||| Stepping randomly (stuck).
  3227 | D:4      | 3227 ||| Stepping randomly (stuck).
  3228 | D:4      | 3228 ||| Stepping randomly (stuck).
  3229 | D:4      | 3229 ||| Stepping randomly (stuck).
  3230 | D:4      | 3230 ||| Stepping randomly (stuck).
  3231 | D:4      | 3231 ||| Stepping randomly (stuck).
  3232 | D:4      | 3232 ||| Stepping randomly (stuck).
  3233 | D:4      | 3233 ||| Stepping randomly (stuck).
  3234 | D:4      | 3234 ||| Stepping randomly (stuck).
  3235 | D:4      | 3235 ||| Stepping randomly (stuck).
  3236 | D:4      | 3236 ||| Stepping randomly (stuck).
  3237 | D:4      | 3237 ||| Stepping randomly (stuck).
  3238 | D:4      | 3238 ||| Stepping randomly (stuck).
  3239 | D:4      | 3239 ||| Stepping randomly (stuck).
  3240 | D:4      | 3240 ||| Stepping randomly (stuck).
  3241 | D:4      | 3241 ||| Stepping randomly (stuck).
  3242 | D:4      | 3242 ||| Stepping randomly (stuck).
  3243 | D:4      | 3243 ||| Stepping randomly (stuck).
  3244 | D:4      | 3244 ||| Stepping randomly (stuck).
  3245 | D:4      | 3245 ||| Stepping randomly (stuck).
  3246 | D:4      | 3246 ||| Stepping randomly (stuck).
  3247 | D:4      | 3247 ||| Stepping randomly (stuck).
  3248 | D:4      | 3248 ||| Stepping randomly (stuck).
  3249 | D:4      | 3249 ||| Stepping randomly (stuck).
  3250 | D:4      | 3250 ||| Stepping randomly (stuck).
  3251 | D:4      | 3251 ||| Stepping randomly (stuck).
  3252 | D:4      | 3252 ||| Stepping randomly (stuck).
  3253 | D:4      | 3253 ||| Stepping randomly (stuck).
  3254 | D:4      | 3254 ||| Stepping randomly (stuck).
  3255 | D:4      | 3255 ||| Stepping randomly (stuck).
  3256 | D:4      | 3256 ||| Stepping randomly (stuck).
  3257 | D:4      | 3257 ||| Stepping randomly (stuck).
  3258 | D:4      | 3258 ||| Stepping randomly (stuck).
  3259 | D:4      | 3259 ||| Stepping randomly (stuck).
  3260 | D:4      | 3260 ||| Stepping randomly (stuck).
  3261 | D:4      | 3261 ||| Stepping randomly (stuck).
  3262 | D:4      | 3262 ||| Stepping randomly (stuck).
  3263 | D:4      | 3263 ||| Stepping randomly (stuck).
  3264 | D:4      | 3264 ||| Stepping randomly (stuck).
  3265 | D:4      | 3265 ||| Stepping randomly (stuck).
  3266 | D:4      | 3266 ||| Stepping randomly (stuck).
  3267 | D:4      | 3267 ||| Stepping randomly (stuck).
  3268 | D:4      | 3268 ||| Stepping randomly (stuck).
  3269 | D:4      | 3269 ||| Stepping randomly (stuck).
  3270 | D:4      | 3270 ||| Stepping randomly (stuck).
  3271 | D:4      | 3271 ||| Stepping randomly (stuck).
  3272 | D:4      | 3272 ||| Stepping randomly (stuck).
  3273 | D:4      | 3273 ||| Stepping randomly (stuck).
  3274 | D:4      | 3274 ||| Stepping randomly (stuck).
  3275 | D:4      | 3275 ||| Stepping randomly (stuck).
  3276 | D:4      | 3276 ||| Stepping randomly (stuck).
  3277 | D:4      | 3277 ||| Stepping randomly (stuck).
  3278 | D:4      | 3278 ||| Stepping randomly (stuck).
  3279 | D:4      | 3279 ||| Stepping randomly (stuck).
  3280 | D:4      | 3280 ||| Stepping randomly (stuck).
  3281 | D:4      | 3281 ||| Stepping randomly (stuck).
  3282 | D:4      | 3282 ||| Stepping randomly (stuck).
  3283 | D:4      | 3283 ||| Stepping randomly (stuck).
  3284 | D:4      | 3284 ||| Stepping randomly (stuck).
  3285 | D:4      | 3285 ||| Stepping randomly (stuck).
  3286 | D:4      | 3286 ||| Stepping randomly (stuck).
  3287 | D:4      | 3287 ||| Stepping randomly (stuck).
  3288 | D:4      | 3288 ||| Stepping randomly (stuck).
  3289 | D:4      | 3289 ||| Stepping randomly (stuck).
  3290 | D:4      | 3290 ||| Stepping randomly (stuck).
  3291 | D:4      | 3291 ||| Stepping randomly (stuck).
  3292 | D:4      | 3292 ||| Stepping randomly (stuck).
  3293 | D:4      | 3293 ||| Stepping randomly (stuck).
  3294 | D:4      | 3294 ||| Stepping randomly (stuck).
  3295 | D:4      | 3295 ||| Stepping randomly (stuck).
  3296 | D:4      | 3296 ||| Stepping randomly (stuck).
  3297 | D:4      | 3297 ||| Stepping randomly (stuck).
  3298 | D:4      | 3298 ||| Stepping randomly (stuck).
  3299 | D:4      | 3299 ||| Stepping randomly (stuck).
  3300 | D:4      | 3300 ||| Stepping randomly (stuck).
  3301 | D:4      | 3301 ||| Stepping randomly (stuck).
  3302 | D:4      | 3302 ||| Stepping randomly (stuck).
  3303 | D:4      | 3303 ||| Stepping randomly (stuck).
  3304 | D:4      | 3304 ||| Stepping randomly (stuck).
  3305 | D:4      | 3305 ||| Stepping randomly (stuck).
  3306 | D:4      | 3306 ||| Stepping randomly (stuck).
  3307 | D:4      | 3307 ||| Stepping randomly (stuck).
  3308 | D:4      | 3308 ||| Stepping randomly (stuck).
  3309 | D:4      | 3309 ||| Stepping randomly (stuck).
  3310 | D:4      | 3310 ||| Stepping randomly (stuck).
  3311 | D:4      | 3311 ||| Stepping randomly (stuck).
  3312 | D:4      | 3312 ||| Stepping randomly (stuck).
  3313 | D:4      | 3313 ||| Stepping randomly (stuck).
  3314 | D:4      | 3314 ||| Stepping randomly (stuck).
  3315 | D:4      | 3315 ||| Stepping randomly (stuck).
  3316 | D:4      | 3316 ||| Stepping randomly (stuck).
  3317 | D:4      | 3317 ||| Stepping randomly (stuck).
  3318 | D:4      | 3318 ||| Stepping randomly (stuck).
  3319 | D:4      | 3319 ||| Stepping randomly (stuck).
  3320 | D:4      | 3320 ||| Stepping randomly (stuck).
  3321 | D:4      | 3321 ||| Stepping randomly (stuck).
  3322 | D:4      | 3322 ||| Stepping randomly (stuck).
  3323 | D:4      | 3323 ||| Stepping randomly (stuck).
  3324 | D:4      | 3324 ||| Stepping randomly (stuck).
  3325 | D:4      | 3325 ||| Stepping randomly (stuck).
  3326 | D:4      | 3326 ||| Stepping randomly (stuck).
  3327 | D:4      | 3327 ||| Stepping randomly (stuck).
  3328 | D:4      | 3328 ||| Stepping randomly (stuck).
  3329 | D:4      | 3329 ||| Stepping randomly (stuck).
  3330 | D:4      | 3330 ||| Stepping randomly (stuck).
  3331 | D:4      | 3331 ||| Stepping randomly (stuck).
  3332 | D:4      | 3332 ||| Stepping randomly (stuck).
  3333 | D:4      | 3333 ||| Stepping randomly (stuck).
  3334 | D:4      | 3334 ||| Stepping randomly (stuck).
  3335 | D:4      | 3335 ||| Stepping randomly (stuck).
  3336 | D:4      | 3336 ||| Stepping randomly (stuck).
  3337 | D:4      | 3337 ||| Stepping randomly (stuck).
  3338 | D:4      | 3338 ||| Stepping randomly (stuck).
  3339 | D:4      | 3339 ||| Stepping randomly (stuck).
  3340 | D:4      | 3340 ||| Stepping randomly (stuck).
  3341 | D:4      | 3341 ||| Stepping randomly (stuck).
  3342 | D:4      | 3342 ||| Stepping randomly (stuck).
  3343 | D:4      | 3343 ||| Stepping randomly (stuck).
  3344 | D:4      | 3344 ||| Stepping randomly (stuck).
  3345 | D:4      | 3345 ||| Stepping randomly (stuck).
  3346 | D:4      | 3346 ||| Stepping randomly (stuck).
  3347 | D:4      | 3347 ||| Stepping randomly (stuck).
  3348 | D:4      | 3348 ||| Stepping randomly (stuck).
  3349 | D:4      | 3349 ||| Stepping randomly (stuck).
  3350 | D:4      | 3350 ||| Stepping randomly (stuck).
  3351 | D:4      | 3351 ||| Stepping randomly (stuck).
  3352 | D:4      | 3352 ||| Stepping randomly (stuck).
  3353 | D:4      | 3353 ||| Stepping randomly (stuck).
  3354 | D:4      | 3354 ||| Stepping randomly (stuck).
  3355 | D:4      | 3355 ||| Stepping randomly (stuck).
  3356 | D:4      | 3356 ||| Stepping randomly (stuck).
  3357 | D:4      | 3357 ||| Stepping randomly (stuck).
  3358 | D:4      | 3358 ||| Stepping randomly (stuck).
  3359 | D:4      | 3359 ||| Stepping randomly (stuck).
  3360 | D:4      | 3360 ||| Stepping randomly (stuck).
  3361 | D:4      | 3361 ||| Stepping randomly (stuck).
  3362 | D:4      | 3362 ||| Stepping randomly (stuck).
  3363 | D:4      | 3363 ||| Stepping randomly (stuck).
  3364 | D:4      | 3364 ||| Stepping randomly (stuck).
  3365 | D:4      | 3365 ||| Stepping randomly (stuck).
  3366 | D:4      | 3366 ||| Stepping randomly (stuck).
  3367 | D:4      | 3367 ||| Stepping randomly (stuck).
  3368 | D:4      | 3368 ||| Stepping randomly (stuck).
  3369 | D:4      | 3369 ||| Stepping randomly (stuck).
  3370 | D:4      | 3370 ||| Stepping randomly (stuck).
  3371 | D:4      | 3371 ||| Stepping randomly (stuck).
  3372 | D:4      | 3372 ||| Stepping randomly (stuck).
  3373 | D:4      | 3373 ||| Stepping randomly (stuck).
  3374 | D:4      | 3374 ||| Stepping randomly (stuck).
  3375 | D:4      | 3375 ||| Stepping randomly (stuck).
  3376 | D:4      | 3376 ||| Stepping randomly (stuck).
  3377 | D:4      | 3377 ||| Stepping randomly (stuck).
  3378 | D:4      | 3378 ||| Stepping randomly (stuck).
  3379 | D:4      | 3379 ||| Stepping randomly (stuck).
  3380 | D:4      | 3380 ||| Stepping randomly (stuck).
  3381 | D:4      | 3381 ||| Stepping randomly (stuck).
  3382 | D:4      | 3382 ||| Stepping randomly (stuck).
  3383 | D:4      | 3383 ||| Stepping randomly (stuck).
  3384 | D:4      | 3384 ||| Stepping randomly (stuck).
  3385 | D:4      | 3385 ||| Stepping randomly (stuck).
  3386 | D:4      | 3386 ||| Stepping randomly (stuck).
  3387 | D:4      | 3387 ||| Stepping randomly (stuck).
  3388 | D:4      | 3388 ||| Stepping randomly (stuck).
  3389 | D:4      | 3389 ||| Stepping randomly (stuck).
  3390 | D:4      | 3390 ||| Stepping randomly (stuck).
  3391 | D:4      | 3391 ||| Stepping randomly (stuck).
  3392 | D:4      | 3392 ||| Stepping randomly (stuck).
  3393 | D:4      | 3393 ||| Stepping randomly (stuck).
  3394 | D:4      | 3394 ||| Stepping randomly (stuck).
  3395 | D:4      | 3395 ||| Stepping randomly (stuck).
  3396 | D:4      | 3396 ||| Stepping randomly (stuck).
  3397 | D:4      | 3397 ||| Stepping randomly (stuck).
  3398 | D:4      | 3398 ||| Stepping randomly (stuck).
  3399 | D:4      | 3399 ||| Stepping randomly (stuck).
  3400 | D:4      | 3400 ||| Stepping randomly (stuck).
  3401 | D:4      | 3401 ||| Stepping randomly (stuck).
  3402 | D:4      | 3402 ||| Stepping randomly (stuck).
  3402 | D:4      | 3402 ||| RIP SEWER
  3403 | D:4      | 3403 ||| PLANNING D:1-11
  3554 | D:4      | You are sucked into a shaft and drop 3 floors!
  3567 | D:7      | Noticed Pikel
  3568 | D:7      | 3568 ||| RETREEEEATING.
  3618 | D:7      | Reached XP level 8. HP: 38/58 MP: 0/0
  3638 | D:7      | 3638 ||| ZAPPING wand of paralysis (10) at 7,6 (Pikel;
                  | floor).
  3651 | D:7      | 3651 ||| RETREEEEATING.
  3654 | D:7      | 3654 ||| ZAPPING wand of paralysis (9) at 0,2 (Pikel;
                  | floor).
  3655 | D:7      | 3655 ||| ZAPPING wand of paralysis (8) at 0,2 (Pikel;
                  | floor).
  3660 | D:7      | 3660 ||| RETREEEEATING.
  3661 | D:7      | 3661 ||| RETREEEEATING.
  3662 | D:7      | 3662 ||| RETREEEEATING.
  3663 | D:7      | 3663 ||| RETREEEEATING.
  3664 | D:7      | 3664 ||| RETREEEEATING.
  3665 | D:7      | 3665 ||| RETREEEEATING.
  3666 | D:7      | 3666 ||| RETREEEEATING.
  3667 | D:7      | 3667 ||| RETREEEEATING.
  3668 | D:7      | 3668 ||| RETREEEEATING.
  3677 | D:7      | 3677 ||| ZAPPING wand of paralysis (7) at 0,1 (Pikel;
                  | floor).
  3678 | D:7      | 3678 ||| ZAPPING wand of paralysis (6) at 0,1 (Pikel;
                  | floor).
  3688 | D:7      | Killed Pikel
  3689 | D:7      | Reached skill level 7 in Ranged Weapons
  3839 | D:7      | Found a staircase to the Ecumenical Temple.
  3840 | D:7      | 3840 ||| PLANNING TEMPLE
  3848 | Temple   | Entered the Ecumenical Temple
  3849 | Temple   | 3849 ||| PLANNING D:1-11
  4022 | D:6      | Reached XP level 9. HP: 55/65 MP: 0/0
  4022 | D:6      | Learned a level 4 spell: Martyr's Knell
  4262 | D:6      | Reached skill level 8 in Ranged Weapons
  4279 | D:5      | Entered Level 5 of the Dungeon
  4373 | D:5      | 4373 ||| READING scroll labelled TOG HEHOYDUSCH.
  4373 | D:5      | 4373 ||| ENCHANTING +0 pair of gloves.
  4641 | D:4      | 4641 ||| READING scroll of enchant armour.
  4641 | D:4      | 4641 ||| ENCHANTING +1 pair of gloves.
  4750 | D:4      | Reached skill level 6 in Dodging
  4981 | D:4      | 4981 ||| READING scroll labelled MONOFIAPUNN.
  4982 | D:4      | 4982 ||| READING scroll labelled HAHU ISAMOECU.
  4983 | D:4      | 4983 ||| DRINKING 2 white potions.
  5116 | D:5      | Reached skill level 6 in Fighting
  5177 | D:5      | Found Ublasasch's Antique Weapon Emporium.
  5182 | D:5      | 5182 ||| BUYING longbow (169 gold).
  5182 | D:5      | Bought a longbow for 169 gold pieces
  5182 | D:5      | 5182 ||| SWAPPING to +0 longbow.
  5183 | D:5      | 5183 ||| DROPPING +0 shortbow of freezing.
  5454 | D:5      | 5454 ||| FLEEEEING.
  5455 | D:5      | 5455 ||| FLEEEEING.
  5456 | D:5      | 5456 ||| FLEEEEING.
  5457 | D:5      | 5457 ||| FLEEEEING.
  5787 | D:5      | 5787 ||| DRINKING 2 purple potions.
  5827 | D:5      | 5827 ||| DROPPING potion of lignification.
  5847 | D:6      | Found a hazy altar of Hepliaklqana.
  6103 | D:6      | Reached skill level 9 in Ranged Weapons
  6146 | D:6      | 6146 ||| READING 2 scrolls of identify.
  6146 | D:6      | 6146 ||| IDENTIFYING smoky clear potion
  6147 | D:6      | 6147 ||| READING scroll of identify.
  6147 | D:6      | 6147 ||| IDENTIFYING metallic blue potion
  6148 | D:6      | 6148 ||| READING 3 scrolls labelled JOT SE ORHEZUEL.
  6149 | D:6      | 6149 ||| DROPPING 2 scrolls of fog.
  6150 | D:6      | 6150 ||| DROPPING potion of ambrosia.
  6151 | D:6      | 6151 ||| DROPPING potion of magic.
  6163 | D:7      | Noticed a hornet
  6164 | D:7      | 6164 ||| STAIRDANCE
  6169 | D:7      | 6169 ||| ZAPPING wand of mindburst (17) at -1,0 (hornet;
                  | floor).
  6170 | D:7      | 6170 ||| ZAPPING wand of mindburst (16) at -1,0 (hornet;
                  | floor).
  6171 | D:7      | 6171 ||| ZAPPING wand of mindburst (15) at -1,0 (hornet;
                  | floor).
  6172 | D:7      | 6172 ||| STAIRDANCE
  6174 | D:6      | 6174 ||| ZAPPING wand of mindburst (14) at 0,-1 (hornet;
                  | floor).
  6175 | D:6      | 6175 ||| ZAPPING wand of mindburst (13) at 0,-1 (hornet;
                  | floor).
  6175 | D:6      | Killed a hornet
  6176 | D:6      | Reached XP level 10. HP: 63/72 MP: 0/0
  6283 | D:7      | Noticed Menkaure
  6284 | D:7      | 6284 ||| FLEEEEING.
  6285 | D:7      | 6285 ||| FLEEEEING.
  6287 | D:7      | 6287 ||| FLEEEEING.
  6288 | D:7      | 6288 ||| FLEEEEING.
  6289 | D:7      | 6289 ||| STAIRDANCE
  6455 | D:7      | 6455 ||| ZAPPING wand of mindburst (12) at 2,2 (Menkaure;
                  | floor).
  6455 | D:7      | Killed Menkaure
  6739 | D:7      | 6739 ||| READING scroll labelled AWOBOR ESKUTZ.
  6828 | D:8      | Noticed Prince Ribbit
  6837 | D:8      | 6837 ||| RETREEEEATING.
  6840 | D:8      | Killed Prince Ribbit
  6996 | D:8      | Noticed a white ugly thing
  6997 | D:8      | 6997 ||| ZAPPING wand of paralysis (11) at -7,1 (white ugly
                  | thing; floor).
  7006 | D:8      | Killed a white ugly thing
  7007 | D:8      | Reached skill level 10 in Ranged Weapons
  7098 | D:8      | Found a staircase to the Lair.
  7438 | D:8      | 7438 ||| READING 3 scrolls of identify.
  7438 | D:8      | 7438 ||| IDENTIFYING fizzy white potion
  7439 | D:8      | 7439 ||| READING 2 scrolls of identify.
  7439 | D:8      | 7439 ||| IDENTIFYING viscous clear potion
  7440 | D:8      | 7440 ||| READING scroll of identify.
  7440 | D:8      | 7440 ||| IDENTIFYING yellow potion
  7441 | D:8      | 7441 ||| READING scroll labelled JES LUEHO.
  7542 | D:8      | 7542 ||| DRINKING 2 black potions.
  7543 | D:8      | 7543 ||| DROPPING potion of berserk rage.
  7544 | D:8      | 7544 ||| DROPPING potion of attraction.
  7570 | D:9      | 7570 ||| STAIRDANCE
  7574 | D:9      | 7574 ||| STAIRDANCE
  7795 | D:9      | Noticed a kobold demonologist
  7796 | D:9      | 7796 ||| FLEEEEING.
  7797 | D:9      | 7797 ||| FLEEEEING.
  7798 | D:9      | 7798 ||| FLEEEEING.
  7799 | D:9      | 7799 ||| FLEEEEING.
  7800 | D:9      | 7800 ||| FLEEEEING.
  7801 | D:9      | 7801 ||| FLEEEEING.
  7802 | D:9      | 7802 ||| FLEEEEING.
  7802 | D:9      | Gained mutation: You are clumsy. (Dex -2) [a neqoxec]
  7803 | D:9      | 7803 ||| FLEEEEING.
  7804 | D:9      | 7804 ||| FLEEEEING.
  7810 | D:9      | 7810 ||| RETREEEEATING.
  7815 | D:9      | 7815 ||| ZAPPING wand of mindburst (11) at 1,1 (kobold
                  | demonologist; floor).
  7816 | D:9      | 7816 ||| ZAPPING wand of mindburst (10) at 1,1 (kobold
                  | demonologist; floor).
  7817 | D:9      | 7817 ||| ZAPPING wand of mindburst (9) at 1,1 (kobold
                  | demonologist; floor).
  7818 | D:9      | 7818 ||| ZAPPING wand of mindburst (8) at 1,1 (kobold
                  | demonologist; floor).
  7819 | D:9      | 7819 ||| ZAPPING wand of mindburst (7) at 1,1 (kobold
                  | demonologist; floor).
  7819 | D:9      | Killed a kobold demonologist
  7833 | D:9      | Reached XP level 11. HP: 76/81 MP: 0/0
  7833 | D:9      | Learned a level 4 spell: Cause Fear
  8142 | D:9      | Found an iron altar of Okawaru.
  8143 | D:9      | 8143 ||| PLANNING OKAWARU WORSHIP
  8156 | D:9      | HP: 17/81 [wight/+6 war axe (8)]
  8157 | D:9      | 8157 ||| READING scroll of teleportation.
  8158 | D:9      | 8158 ||| DRINKING 2 potions of heal wounds.
  8336 | D:9      | 8336 ||| UPGRADING to +0 troll leather armour.
  8346 | D:9      | 8346 ||| READING scroll labelled DIYSKA MAQESH.
  8347 | D:9      | 8347 ||| DRINKING 2 emerald potions.
  8348 | D:9      | 8348 ||| DROPPING potion of invisibility.
  8422 | D:9      | Became a worshipper of Warmaster Okawaru
  8423 | D:9      | 8423 ||| PLANNING D:1-11
  8458 | D:9      | Noticed Jeremiah
  8479 | D:9      | Killed Jeremiah
  8684 | D:9      | Found a glowing silver altar of Zin.
  8801 | D:9      | Found a bloodstained altar of Trog.
  8908 | D:9      | 8908 ||| PLANNING LAIR
  8908 | D:9      | 8908 ||| UPGRADING to +6 ring of dexterity.
  8910 | D:9      | 8910 ||| DROPPING ring of willpower.
  8911 | D:9      | 8911 ||| DRINKING 2 viscous blue potions.
  8911 | D:9      | Lost mutation: You are clumsy. (Dex -2) [potion of
                  | mutation]
  8911 | D:9      | Gained mutation: Your body sometimes deteriorates upon
                  | taking damage. [potion of mutation]
  8912 | D:9      | 8912 ||| DRINKING potion of mutation.
  8912 | D:9      | Lost mutation: Your body sometimes deteriorates upon taking
                  | damage. [potion of mutation]
  8912 | D:9      | Gained mutation: You have supernaturally acute eyesight.
                  | (SInv) [potion of mutation]
  8912 | D:9      | Gained mutation: You occasionally lose the ability to read
                  | scrolls when taking damage. [potion of mutation]
  8912 | D:9      | Gained mutation: You are partially covered in iridescent
                  | scales. (AC +2) [potion of mutation]
  9000 | Lair:1   | Entered Level 1 of the Lair of Beasts
  9030 | Lair:1   | 9030 ||| RETREEEEATING.
  9033 | Lair:1   | 9033 ||| RETREEEEATING.
  9035 | Lair:1   | 9035 ||| RETREEEEATING.
  9036 | Lair:1   | 9036 ||| RETREEEEATING.
  9037 | Lair:1   | 9037 ||| RETREEEEATING.
  9045 | Lair:1   | 9045 ||| RETREEEEATING.
  9046 | Lair:1   | 9046 ||| RETREEEEATING.
  9047 | Lair:1   | 9047 ||| RETREEEEATING.
  9048 | Lair:1   | 9048 ||| RETREEEEATING.
  9049 | Lair:1   | 9049 ||| RETREEEEATING.
  9050 | Lair:1   | 9050 ||| RETREEEEATING.
  9055 | Lair:1   | Reached * piety under Okawaru
  9063 | Lair:1   | Reached skill level 1 in Invocations
  9096 | Lair:1   | 9096 ||| RETREEEEATING.
  9099 | Lair:1   | Reached skill level 9 in Dodging
  9101 | Lair:1   | 9101 ||| RETREEEEATING.
  9102 | Lair:1   | 9102 ||| RETREEEEATING.
  9103 | Lair:1   | 9103 ||| RETREEEEATING.
  9104 | Lair:1   | 9104 ||| RETREEEEATING.
  9105 | Lair:1   | 9105 ||| RETREEEEATING.
  9150 | Lair:1   | 9150 ||| RETREEEEATING.
  9152 | Lair:1   | 9152 ||| RETREEEEATING.
  9154 | Lair:1   | 9154 ||| RETREEEEATING.
  9157 | Lair:1   | 9157 ||| RETREEEEATING.
  9160 | Lair:1   | 9160 ||| RETREEEEATING.
  9161 | Lair:1   | Reached ** piety under Okawaru
  9212 | Lair:1   | 9212 ||| INVOKING Heroism.
  9214 | Lair:1   | Reached skill level 3 in Invocations
  9327 | Lair:1   | 9327 ||| INVOKING Heroism.
  9359 | Lair:1   | 9359 ||| RETREEEEATING.
  9360 | Lair:1   | 9360 ||| RETREEEEATING.
  9361 | Lair:1   | 9361 ||| RETREEEEATING.
  9368 | Lair:1   | 9368 ||| RETREEEEATING.
  9394 | Lair:1   | Reached skill level 11 in Ranged Weapons
  9396 | Lair:1   | Reached *** piety under Okawaru
  9735 | Lair:1   | Noticed a death yak
  9735 | Lair:1   | 9735 ||| INVOKING Heroism.
  9746 | Lair:1   | Killed a death yak
  9747 | Lair:1   | Reached skill level 9 in Fighting
  9747 | Lair:1   | Reached XP level 12. HP: 89/89 MP: 0/0
  9770 | Lair:1   | Noticed a boulder beetle
  9771 | Lair:1   | 9771 ||| INVOKING Heroism.
  9773 | Lair:1   | Found the +3 pair of seven-league boots {Rampage+∞}
  9783 | Lair:1   | Reached skill level 3 in Armour
  9789 | Lair:1   | HP: 22/89 [boulder beetle (13)]
  9790 | Lair:1   | 9790 ||| DRINKING 3 potions of heal wounds.
  9794 | Lair:1   | 9794 ||| INVOKING Heroism.
  9797 | Lair:1   | Killed a boulder beetle
  9797 | Lair:1   | Reached **** piety under Okawaru
  9981 | Lair:2   | Noticed a skyshark
  9982 | Lair:2   | 9982 ||| INVOKING Finesse.
  9988 | Lair:2   | 9988 ||| INVOKING Finesse.
  9992 | Lair:2   | 9992 ||| RETREEEEATING.
  9998 | Lair:2   | Killed a skyshark
 10019 | Lair:2   | HP: 9/89 [cane toad (21)]
 10020 | Lair:2   | 10020 ||| DRINKING 2 potions of heal wounds.
 10054 | Lair:2   | 10054 ||| FLEEEEING.
 10055 | Lair:2   | 10055 ||| STAIRDANCE
 10080 | Lair:2   | 10080 ||| STAIRDANCE
 10106 | Lair:2   | 10106 ||| STAIRDANCE
 10121 | Lair:2   | 10121 ||| STAIRDANCE
 10133 | Lair:1   | Reached skill level 12 in Ranged Weapons
 10203 | Lair:2   | Reached ***** piety under Okawaru
 10220 | Lair:2   | Identified the +9 great sword "Luappoepn" {protect, Fly rF+
                  | rN+ Str+3}
 10386 | Lair:2   | Found a hole to the Spider Nest.
 10465 | Lair:2   | Reached skill level 6 in Invocations
 10694 | Lair:2   | Found a staircase to the Swamp.
 10712 | Lair:2   | HP: 15/89 [swamp worm (11)]
 10713 | Lair:2   | 10713 ||| READING scroll of teleportation.
 10713 | Lair:2   | HP: 6/89 [swamp worm (10)]
 10714 | Lair:2   | 10714 ||| DRINKING potion of heal wounds.
 11232 | Lair:2   | 11232 ||| READING 2 scrolls of identify.
 11232 | Lair:2   | 11232 ||| IDENTIFYING orange potion
 11233 | Lair:2   | 11233 ||| READING scroll of identify.
 11233 | Lair:2   | 11233 ||| IDENTIFYING 2 fizzy golden potions
 11234 | Lair:2   | 11234 ||| READING scroll labelled GYG HICSEO.
 11234 | Lair:2   | 11234 ||| ENCHANTING +0 longbow.
 11235 | Lair:2   | 11235 ||| DROPPING potion of degeneration.
 11312 | Lair:3   | 11312 ||| INVOKING Finesse.
 11313 | Lair:3   | 11313 ||| INVOKING Heroism.
 11329 | Lair:3   | 11329 ||| READING 3 scrolls of brand weapon.
 11329 | Lair:3   | 11329 ||| BRANDING +1 longbow.
 11330 | Lair:3   | 11330 ||| READING 2 scrolls of brand weapon.
 11330 | Lair:3   | 11330 ||| BRANDING +1 longbow of draining.
 11331 | Lair:3   | 11331 ||| READING scroll of brand weapon.
 11331 | Lair:3   | 11331 ||| BRANDING +1 longbow of flaming.
 11416 | Lair:3   | 11416 ||| RETREEEEATING.
 11427 | Lair:3   | Reached XP level 13. HP: 94/94 MP: 0/0
 11427 | Lair:3   | Learned a level 5 spell: Silence
 11472 | Lair:3   | 11472 ||| RETREEEEATING.
 11473 | Lair:3   | 11473 ||| RETREEEEATING.
 11474 | Lair:3   | 11474 ||| RETREEEEATING.
 11475 | Lair:3   | 11475 ||| RETREEEEATING.
 11476 | Lair:3   | 11476 ||| RETREEEEATING.
 11477 | Lair:3   | 11477 ||| RETREEEEATING.
 11481 | Lair:3   | 11481 ||| RETREEEEATING.
 11482 | Lair:3   | 11482 ||| RETREEEEATING.
 11483 | Lair:3   | 11483 ||| RETREEEEATING.
 11485 | Lair:3   | 11485 ||| RETREEEEATING.
 11486 | Lair:3   | 11486 ||| RETREEEEATING.
 11487 | Lair:3   | 11487 ||| RETREEEEATING.
 11488 | Lair:3   | 11488 ||| RETREEEEATING.
 11637 | Lair:3   | Identified the +5 ring mail "Bekeack" {MP+9 Str+2 Stlth+}
 11761 | Lair:3   | Received a gift from Okawaru
 11868 | Lair:3   | 11868 ||| RETREEEEATING.
 12010 | Lair:3   | 12010 ||| FLEEEEING.
 12011 | Lair:3   | 12011 ||| FLEEEEING.
 12037 | Lair:3   | 12037 ||| FLEEEEING.
 12064 | Lair:3   | 12064 ||| FLEEEEING.
 12087 | Lair:3   | 12087 ||| FLEEEEING.
 12220 | Lair:3   | 12220 ||| UPGRADING to +5 ring mail "Bekeack" {MP+9 Str+2
                  | Stlth+}.
 12230 | Lair:3   | 12230 ||| DROPPING +0 troll leather armour.
 12231 | Lair:3   | 12231 ||| DROPPING ring of positive energy.
 12241 | Lair:4   | 12241 ||| STAIRDANCE
 12276 | Lair:4   | 12276 ||| STAIRDANCE
 12310 | Lair:4   | 12310 ||| STAIRDANCE
 12317 | Lair:4   | 12317 ||| STAIRDANCE
 12326 | Lair:3   | Reached skill level 9 in Invocations
 12328 | Lair:4   | 12328 ||| STAIRDANCE
 12351 | Lair:4   | 12351 ||| STAIRDANCE
 12356 | Lair:4   | 12356 ||| STAIRDANCE
 12375 | Lair:4   | 12375 ||| STAIRDANCE
 12405 | Lair:4   | 12405 ||| STAIRDANCE
 12506 | Lair:4   | 12506 ||| RETREEEEATING.
 12508 | Lair:4   | 12508 ||| RETREEEEATING.
 12509 | Lair:4   | 12509 ||| RETREEEEATING.
 12510 | Lair:4   | 12510 ||| RETREEEEATING.
 12511 | Lair:4   | 12511 ||| RETREEEEATING.
 12512 | Lair:4   | 12512 ||| RETREEEEATING.
 12513 | Lair:4   | 12513 ||| RETREEEEATING.
 12514 | Lair:4   | 12514 ||| RETREEEEATING.
 12515 | Lair:4   | 12515 ||| RETREEEEATING.
 12952 | Lair:4   | 12952 ||| DRINKING potion of mutation.
 12952 | Lair:4   | Lost mutation: You occasionally lose the ability to read
                  | scrolls when taking damage. [potion of mutation]
 12952 | Lair:4   | Lost mutation: You have supernaturally acute eyesight.
                  | (SInv) [potion of mutation]
 12952 | Lair:4   | Gained mutation: You expend health (3 HP) to strengthen
                  | your wands. [potion of mutation]
 12952 | Lair:4   | Gained mutation: Your body sometimes deteriorates upon
                  | taking damage. [potion of mutation]
 12967 | Lair:4   | 12967 ||| RETREEEEATING.
 12974 | Lair:4   | 12974 ||| RETREEEEATING.
 12974 | Lair:4   | Noticed a five-headed hydra
 12975 | Lair:4   | 12975 ||| ZAPPING wand of acid (7) at -4,-4 (five-headed
                  | hydra; floor).
 12976 | Lair:4   | 12976 ||| ZAPPING wand of acid (6) at -3,-3 (five-headed
                  | hydra; floor).
 12977 | Lair:4   | 12977 ||| RETREEEEATING.
 12978 | Lair:4   | 12978 ||| INVOKING Finesse.
 12980 | Lair:4   | Killed a five-headed hydra
 13152 | Lair:4   | Found a runed translucent door.
 13153 | Lair:4   | Noticed qw's ghost (journeyman GrHu)
 13302 | Lair:5   | Entered Level 5 of the Lair of Beasts
 13306 | Lair:5   | 13306 ||| RETREEEEATING.
 13478 | Lair:5   | Noticed a six-headed hydra
 13479 | Lair:5   | 13479 ||| INVOKING Finesse.
 13490 | Lair:5   | Killed a six-headed hydra
 13495 | Lair:5   | Received a gift from Okawaru
 13559 | Lair:5   | Reached skill level 13 in Ranged Weapons
 13619 | Lair:5   | 13619 ||| READING scroll of enchant weapon.
 13619 | Lair:5   | 13619 ||| ENCHANTING +1 longbow of freezing.
 13637 | Lair:5   | 13637 ||| RETREEEEATING.
 13638 | Lair:5   | 13638 ||| RETREEEEATING.
 13639 | Lair:5   | 13639 ||| RETREEEEATING.
 13640 | Lair:5   | 13640 ||| RETREEEEATING.
 13641 | Lair:5   | 13641 ||| RETREEEEATING.
 13642 | Lair:5   | 13642 ||| RETREEEEATING.
 13645 | Lair:5   | Reached XP level 14. HP: 103/103 MP: 0/0
 13649 | Lair:5   | 13649 ||| INVOKING Finesse.
 13740 | Lair:5   | 13740 ||| RETREEEEATING.
 13744 | Lair:5   | 13744 ||| RETREEEEATING.
 13745 | Lair:5   | 13745 ||| RETREEEEATING.
 13745 | Lair:5   | Found a transporter.
 13745 | Lair:5   | Found a transporter.
 13746 | Lair:5   | 13746 ||| RETREEEEATING.
 13790 | Lair:5   | Found a one-way gate to the infinite horrors of the Abyss.
 13790 | Lair:5   | Noticed qw's ghost (journeyman GrHu)
 13819 | Lair:5   | 13819 ||| RETREEEEATING.
 13820 | Lair:5   | 13820 ||| RETREEEEATING.
 13825 | Lair:5   | 13825 ||| RETREEEEATING.
 13829 | Lair:5   | 13829 ||| RETREEEEATING.
 13830 | Lair:5   | 13830 ||| RETREEEEATING.
 13831 | Lair:5   | 13831 ||| RETREEEEATING.
 13832 | Lair:5   | 13832 ||| RETREEEEATING.
 13833 | Lair:5   | 13833 ||| RETREEEEATING.
 13834 | Lair:5   | 13834 ||| RETREEEEATING.
 13835 | Lair:5   | 13835 ||| RETREEEEATING.
 13837 | Lair:5   | 13837 ||| RETREEEEATING.
 13838 | Lair:5   | 13838 ||| RETREEEEATING.
 13839 | Lair:5   | 13839 ||| RETREEEEATING.
 13840 | Lair:5   | 13840 ||| RETREEEEATING.
 13841 | Lair:5   | 13841 ||| RETREEEEATING.
 13842 | Lair:5   | 13842 ||| INVOKING Finesse.
 13954 | Lair:5   | 13954 ||| RETREEEEATING.
 13960 | Lair:5   | 13960 ||| qw: Version: 0.3-a-135-gb77e89d
 13960 | Lair:5   | 13960 ||| qw: Game counter: 970
 13960 | Lair:5   | 13960 ||| qw: Melee chars always use a shield: true
 13960 | Lair:5   | 13960 ||| qw: Do Orc after clearing Dungeon:15 true
 13960 | Lair:5   | 13960 ||| qw: Do second Lair branch before Depths: true
 13960 | Lair:5   | 13960 ||| qw: Lair rune preference: random
 13960 | Lair:5   | 13960 ||| qw: Goals: Normal
 13960 | Lair:5   | 13960 ||| PLANNING LAIR
 13960 | Lair:5   | 13960 ||| qw: Version: 0.3-a-136-gdd3b4e8
 13960 | Lair:5   | 13960 ||| qw: Game counter: 970
 13960 | Lair:5   | 13960 ||| qw: Melee chars always use a shield: true
 13960 | Lair:5   | 13960 ||| qw: Do Orc after clearing Dungeon:15 true
 13960 | Lair:5   | 13960 ||| qw: Do second Lair branch before Depths: true
 13960 | Lair:5   | 13960 ||| qw: Lair rune preference: random
 13960 | Lair:5   | 13960 ||| qw: Goals: Normal
 13960 | Lair:5   | 13960 ||| PLANNING LAIR
 13960 | Lair:5   | 13960 ||| Stepping ~*~*~tactically~*~*~ (cloud).
 13963 | Lair:5   | 13963 ||| RETREEEEATING.
 13964 | Lair:5   | 13964 ||| RETREEEEATING.
 13967 | Lair:5   | 13967 ||| Stepping ~*~*~tactically~*~*~ (cloud).
 13968 | Lair:5   | 13968 ||| FLEEEEING.
 13969 | Lair:5   | 13969 ||| Stepping ~*~*~tactically~*~*~ (cloud).
 13971 | Lair:5   | 13971 ||| RETREEEEATING.
 13972 | Lair:5   | 13972 ||| RETREEEEATING.
 13973 | Lair:5   | 13973 ||| RETREEEEATING.
 13974 | Lair:5   | 13974 ||| RETREEEEATING.
 13976 | Lair:5   | 13976 ||| RETREEEEATING.
 13978 | Lair:5   | 13978 ||| Stepping ~*~*~tactically~*~*~ (cloud).
 13979 | Lair:5   | 13979 ||| Stepping ~*~*~tactically~*~*~ (cloud).
 13982 | Lair:5   | 13982 ||| Stepping ~*~*~tactically~*~*~ (cloud).
 13983 | Lair:5   | 13983 ||| Stepping ~*~*~tactically~*~*~ (cloud).
 13984 | Lair:5   | 13984 ||| RETREEEEATING.
 13985 | Lair:5   | 13985 ||| RETREEEEATING.
 13986 | Lair:5   | 13986 ||| RETREEEEATING.
 13987 | Lair:5   | 13987 ||| INVOKING Finesse.
 13988 | Lair:5   | 13988 ||| Stepping ~*~*~tactically~*~*~ (cloud).
 13989 | Lair:5   | 13989 ||| Stepping ~*~*~tactically~*~*~ (cloud).
 13990 | Lair:5   | 13990 ||| RETREEEEATING.
 13991 | Lair:5   | 13991 ||| RETREEEEATING.
 13992 | Lair:5   | 13992 ||| RETREEEEATING.
 13993 | Lair:5   | 13993 ||| RETREEEEATING.
 13994 | Lair:5   | 13994 ||| Stepping ~*~*~tactically~*~*~ (cloud).
 14009 | Lair:5   | Reached skill level 14 in Ranged Weapons
 14010 | Lair:5   | 14010 ||| Stepping ~*~*~tactically~*~*~ (cloud).
 14025 | Lair:5   | 14025 ||| Stepping ~*~*~tactically~*~*~ (cloud).
 14030 | Lair:5   | Received a gift from Okawaru
 14034 | Lair:5   | 14034 ||| RETREEEEATING.
 14035 | Lair:5   | 14035 ||| RETREEEEATING.
 14036 | Lair:5   | 14036 ||| RETREEEEATING.
 14037 | Lair:5   | 14037 ||| RETREEEEATING.
 14038 | Lair:5   | 14038 ||| FLEEEEING.
 14039 | Lair:5   | 14039 ||| FLEEEEING.
 14040 | Lair:5   | 14040 ||| FLEEEEING.
 14041 | Lair:5   | 14041 ||| FLEEEEING.
 14042 | Lair:5   | 14042 ||| FLEEEEING.
 14043 | Lair:5   | 14043 ||| FLEEEEING.
 14044 | Lair:5   | 14044 ||| FLEEEEING.
 14045 | Lair:5   | 14045 ||| FLEEEEING.
 14046 | Lair:5   | 14046 ||| FLEEEEING.
 14047 | Lair:5   | 14047 ||| FLEEEEING.
 14048 | Lair:5   | 14048 ||| FLEEEEING.
 14049 | Lair:5   | 14049 ||| FLEEEEING.
 14050 | Lair:5   | 14050 ||| STAIRDANCE
 14204 | Lair:5   | 14204 ||| STAIRDANCE
 14447 | Lair:5   | 14447 ||| STAIRDANCE
 14665 | Lair:5   | Found a staircase to the Slime Pits.
 14694 | Lair:5   | Found a viscous altar of Jiyva.
 14719 | Lair:5   | 14719 ||| RETREEEEATING.
 14720 | Lair:5   | 14720 ||| RETREEEEATING.
 14744 | Lair:5   | 14744 ||| RETREEEEATING.
 14747 | Lair:5   | 14747 ||| RETREEEEATING.
 14748 | Lair:5   | 14748 ||| RETREEEEATING.
 14749 | Lair:5   | 14749 ||| RETREEEEATING.
 14751 | Lair:5   | 14751 ||| RETREEEEATING.
 14752 | Lair:5   | 14752 ||| RETREEEEATING.
 14757 | Lair:5   | 14757 ||| RETREEEEATING.
 14758 | Lair:5   | 14758 ||| RETREEEEATING.
 14879 | Lair:5   | Received a gift from Okawaru
 14880 | Lair:5   | Reached skill level 12 in Dodging
 14894 | Lair:5   | 14894 ||| READING scroll of enchant armour.
 14894 | Lair:5   | 14894 ||| ENCHANTING +0 cloak.
 15305 | Lair:5   | 15305 ||| qw: Version: 0.3-a-136-gdd3b4e8
 15305 | Lair:5   | 15305 ||| qw: Game counter: 970
 15305 | Lair:5   | 15305 ||| qw: Melee chars always use a shield: true
 15305 | Lair:5   | 15305 ||| qw: Do Orc after clearing Dungeon:15 true
 15305 | Lair:5   | 15305 ||| qw: Do second Lair branch before Depths: true
 15305 | Lair:5   | 15305 ||| qw: Lair rune preference: random
 15305 | Lair:5   | 15305 ||| qw: Goals: Normal
 15305 | Lair:5   | 15305 ||| PLANNING LAIR
 15420 | Lair:5   | 15420 ||| RETREEEEATING.
 15577 | Lair:5   | 15577 ||| PLANNING D:1-11
 15577 | Lair:5   | 15577 ||| UPGRADING to +0 helmet.
 15739 | D:10     | Entered Level 10 of the Dungeon
 15830 | D:10     | Noticed Harold
 15839 | D:10     | Killed Harold
 15840 | D:10     | Reached XP level 15. HP: 110/110 MP: 0/0
 15840 | D:10     | Learned a level 6 spell: Death Channel
 15961 | D:10     | Found a staircase to the Orcish Mines.
 16023 | D:10     | Reached skill level 6 in Armour
 16031 | D:10     | Reached ****** piety under Okawaru
 16032 | D:10     | 16032 ||| INVOKING Receive Weapon.
 16032 | D:10     | 16032 ||| ACQUIRING +27 heavy crossbow "Sniper" {heavy,
                  | Acc+∞ SInv}
 16032 | D:10     | Acquired the +27 heavy crossbow "Sniper" {heavy, Acc+∞
                  | SInv}
 16032 | D:10     | Received a gift from Okawaru
 16032 | D:10     | Found the +27 heavy crossbow "Sniper" {heavy, Acc+∞ SInv}
 16033 | D:10     | 16033 ||| INVOKING Receive Armour.
 16033 | D:10     | 16033 ||| ACQUIRING +1 hat "Maguqosk" {Dex+4}
 16033 | D:10     | Acquired the +1 hat "Maguqosk" {Dex+4}
 16033 | D:10     | Received a gift from Okawaru
 16035 | D:10     | 16035 ||| SWAPPING to +27 heavy crossbow "Sniper" {heavy,
                  | Acc+∞ SInv}.
 16036 | D:10     | 16036 ||| DROPPING +2 longbow of freezing.
 16115 | D:10     | Received a gift from Okawaru
 16231 | D:10     | Found a flagged portal.
 16369 | D:10     | 16369 ||| UPGRADING to +1 hat "Maguqosk" {Dex+4}.
 16379 | D:10     | 16379 ||| DROPPING +0 helmet.
 16400 | D:11     | Noticed Erolcha
 16402 | D:11     | Killed Erolcha
 16914 | D:11     | 16914 ||| FLEEEEING.
 17072 | D:11     | 17072 ||| PLANNING D
 17072 | D:11     | 17072 ||| DROPPING amulet of regeneration.
 17231 | D:12     | Found a stormy altar of Qazlal.
 17701 | D:12     | Reached skill level 15 in Ranged Weapons
 17960 | D:13     | Received a gift from Okawaru
 18083 | D:13     | 18083 ||| RETREEEEATING.
 18084 | D:13     | 18084 ||| RETREEEEATING.
 18131 | D:13     | 18131 ||| RETREEEEATING.
 18132 | D:13     | 18132 ||| RETREEEEATING.
 18133 | D:13     | 18133 ||| RETREEEEATING.
 18134 | D:13     | 18134 ||| RETREEEEATING.
 18135 | D:13     | 18135 ||| RETREEEEATING.
 18136 | D:13     | 18136 ||| RETREEEEATING.
 18137 | D:13     | 18137 ||| RETREEEEATING.
 18185 | D:13     | 18185 ||| RETREEEEATING.
 18188 | D:13     | 18188 ||| RETREEEEATING.
 18191 | D:13     | Received a gift from Okawaru
 18192 | D:13     | Reached skill level 12 in Fighting
 18192 | D:13     | 18192 ||| INVOKING Finesse.
 18360 | D:13     | Found a gate to the Vaults.
 18610 | D:13     | Found an ornate altar of the Wu Jian Council.
 18679 | D:13     | 18679 ||| DROPPING ring of ice.
 18726 | D:14     | 18726 ||| RETREEEEATING.
 18727 | D:14     | 18727 ||| RETREEEEATING.
 18728 | D:14     | 18728 ||| RETREEEEATING.
 18729 | D:14     | 18729 ||| RETREEEEATING.
 18730 | D:14     | 18730 ||| RETREEEEATING.
 18731 | D:14     | 18731 ||| RETREEEEATING.
 18732 | D:14     | 18732 ||| RETREEEEATING.
 18733 | D:14     | 18733 ||| RETREEEEATING.
 18734 | D:14     | 18734 ||| RETREEEEATING.
 18738 | D:14     | 18738 ||| INVOKING Finesse.
 18744 | D:14     | Reached XP level 16. HP: 100/118 MP: 0/0
 18932 | D:14     | Received a gift from Okawaru
 18967 | D:14     | Found a glowing golden altar of the Shining One.
 19015 | D:14     | 19015 ||| RETREEEEATING.
 19067 | D:14     | Noticed Agnes
 19068 | D:14     | 19068 ||| INVOKING Finesse.
 19071 | D:14     | Killed Agnes
 19296 | D:14     | 19296 ||| RETREEEEATING.
 19298 | D:14     | 19298 ||| RETREEEEATING.
 19300 | D:14     | Reached skill level 16 in Ranged Weapons
 19305 | D:14     | Mangled by a white ugly thing

Levels and vault maps discovered:
D:1:      tarquinn_simple_flora_water_d, layout_loops_ring,
          dreamdust_princess_corridor
D:2:      layout_loops_corners, uniq_terence
D:3:      layout_basic, nicolae_ru_sacrificial_ziggurat,
          mainiacjoe_overflow_alcove_4, glass_columns_b, minivault_14,
          chequers_serial_rivers_small_a, minivault_14, grunt_ministairs_14,
          uniq_grinder, uniq_crazy_yiuf_cottage, uniq_ijyb
D:4:      layout_basic, portal_sewer_entry_d
D:5:      lemuel_ratsnest, layout_basic, kennysheep_vampire_church,
          serial_shops, nicolae_shop_crystal, minmay_misc_feat_tiny
D:6:      hellmonk_destroyed_diamonds, layout_loops_ring,
          nzn_hepliaklqana_mist_gate, minmay_misc_feat_chi
D:7:      layout_cave_pools, minmay_temple_entry_antechambers,
          minmay_liquid_box, uniq_pikel, uniq_menkaure
D:8:      layout_rooms, marbit_many_paths, nicolae_zig_zag_zippers,
          uniq_prince_ribbit1
D:9:      layout_roguey, lightli_temple_of_fire, okawaru_ov_weapons_minmay,
          zin_scriptorium, minmay_starry_boxes, uniq_jeremiah
D:10:     layout_roguey, david_orc_1_choice, enter_bailey_1, uniq_harold
D:11:     layout_rooms, serial_glass, glass_columns_a, glass_columns_a,
          nicolae_sextant, uniq_erolcha
D:12:     minmay_open_boxes_in_corner, layout_irregular_city,
          grunt_qazlal_clouds
D:13:     layout_cross, grunt_vaults_entry_tiered,
          pdpol_wu_jian_five_deadly_venoms
D:14:     layout_basic, special_room [special_room_bee],
          nicolae_tso_swordbearing_angel, uniq_agnes
Temple:   nicolae_temple_great_sept
Lair:1:   layout_long_grid, hellmonk_guarded_unrand_seven_league_boots
Lair:2:   layout_loops_ring, minmay_swamp_entry_worms,
          nicolae_spider_entry_tight_spaces
Lair:3:   layout_long_grid, grunt_forest_stairs_clearing, lemuel_fruit_tree
Lair:4:   layout_layer_cave, gammafunk_ghost_grave, grunt_megastairs_5
Lair:5:   grunt_lair_end_beastmaster, layout_cave_pods,
          nicolae_slime_entry_field_trip, gammafunk_ghost_abyssal_escape

Skill      XL: |  1  2  3  4  5  6  7  8  9 10 11 12 13 14 15 16 |
---------------+-------------------------------------------------+-----
Ranged Weapons | 4 5 6 7 9 10 11 12 13 14 15 16 | 16.0
Fighting       | 3 4 5 6 8 9 10 11 12 | 12.0
Dodging        | 3 4 6 8 10 11 12 14 | 14.1
Armour         | 1 2 3 4 5 6 |  6.0
Invocations    | 4 7 10 | 10.0
Stealth        | |  0.7

Action                     |  1- 3 |  4- 6 |  7- 9 | 10-12 | 13-15 | 16-18 || total
---------------------------+-------+-------+-------+-------+-------+-------++-------
   Fire: Shortbow          |    97 |   124 |   357 |       |       |       ||   578
         Longbow           |       |       |   123 |   681 |   688 |       ||  1492
         Heavy crossbow    |       |       |       |       |   161 |    46 ||   207
 Invoke: Heroism           |       |       |       |     6 |       |       ||     6
         Finesse           |       |       |       |     2 |     7 |     1 ||    10
         Receive Weapon    |       |       |       |       |     1 |       ||     1
         Receive Armour    |       |       |       |       |     1 |       ||     1
  Evoke: Wand              |       |       |    10 |     7 |     2 |       ||    19
    Use: Scroll            |     2 |     5 |    11 |    14 |     2 |       ||    34
         Potion            |       |       |     3 |     8 |     1 |       ||    12
 Armour: Leather armour    |    19 |    53 |   103 |    71 |       |       ||   246
         Troll leather arm |       |       |       |   142 |    25 |       ||   167
         Ring mail         |       |       |       |       |   185 |    15 ||   200
  Dodge: Dodged            |    24 |    49 |   195 |   594 |   564 |    28 ||  1454
  Block: Other             |       |    17 |    49 |   118 |   105 |     4 ||   293
         Reflection        |       |       |     4 |     4 |     7 |       ||    15

Table legend:
 A = Non-vault XP
 B = Vault XP
 C = Vault XP percentage of total XP
 D = Non-vault monster count
 E = Vault monster count
 F = Vault count percentage of total count
                 A         B        C        D         E       F
            +---------+---------+-------+---------+---------+-------
      Total |   83091 |   37689 |  31.2 |     474 |     158 |  25.0
            +---------+---------+-------+---------+---------+-------
        D:1 |      49 |       0 |   0.0 |      30 |       0 |   0.0
        D:2 |      39 |      32 |  45.1 |      16 |       1 |   5.9
        D:3 |     151 |     293 |  66.0 |      19 |       3 |  13.6
        D:4 |     317 |      13 |   3.9 |      33 |       1 |   2.9
        D:5 |     875 |     377 |  30.1 |      28 |      36 |  56.2
        D:6 |     819 |       0 |   0.0 |      20 |       0 |   0.0
        D:7 |     869 |     801 |  48.0 |      16 |       2 |  11.1
        D:8 |    1535 |     267 |  14.8 |      22 |       2 |   8.3
        D:9 |    1258 |    1616 |  56.2 |      22 |       7 |  24.1
       D:10 |    3952 |    1604 |  28.9 |      20 |      10 |  33.3
       D:11 |    3720 |     854 |  18.7 |      24 |       1 |   4.0
       D:12 |    4124 |    2644 |  39.1 |      16 |       8 |  33.3
       D:13 |    6641 |    9146 |  57.9 |      16 |      25 |  61.0
       D:14 |   13148 |    3610 |  21.5 |      28 |      17 |  37.8
     Lair:1 |    7347 |    2866 |  28.1 |      34 |       7 |  17.1
     Lair:2 |    4253 |    1712 |  28.7 |      16 |       9 |  36.0
     Lair:3 |    8121 |    1946 |  19.3 |      34 |       8 |  19.0
     Lair:4 |    5084 |    3081 |  37.7 |      19 |       5 |  20.8
     Lair:5 |   20789 |    6827 |  24.7 |      61 |      16 |  20.8
            +---------+---------+-------+---------+---------+-------
